[Event "*** MasterClass Titled Tuesday Blitz"]
[Site "Chess.com"]
[Date "2017.07.04"]
[Round "2"]
[White "caraguru"]
[Black "Alexander_Donchenko"]
[Result "1/2-1/2"]
[WhiteElo "2443"]
[BlackElo "2573"]
[TimeControl "180+2"]
[EndTime "13:24:12 PDT"]
[Termination "Game drawn - insufficient material"]

1. d4 Nf6 2. c4 e6 3. Nf3 c5 4. Nc3 cxd4 5. Nxd4 Bb4 6. g3 d5 7. Qa4+ Nc6 8. Nxc6 Bxc3+ 9. bxc3 bxc6 10. Ba3 Qb6 11. Bg2 Rb8 12. cxd5 exd5 13. O-O Qa6 14. Qf4 Rb5 15.
Qd6 c5 16. Bxc5 Qxd6 17. Bxd6 Rb2 18. e3 Kd7 19. Be5 Ke6 20. Bxf6 Kxf6 21. Bxd5 Ba6 22. Rfb1 Rhb8 23. Bb3 Rxb1+ 24. Rxb1 Bc4 25. Rd1 Bxb3 26.
Rb1 Rc8 27. Rxb3 Rc4 28. Ra3 Rc7 29. Kf1 Ke5 30. Ke2 f5 31. Kd3 Rd7+ 32. Ke2 Rc7 33.
Ra5+ Ke6 34. Kd3 Rd7+ 35. Kc2 Rc7 36. a4 Kf6 37. f4 Re7 38. Re5 Rc7 39. a5 h5 40. h4 g6 41. e4 Rc4 42. Kd3 Ra4 43. exf5 gxf5 44. Rc5 Ra2 45. Kd4 Rd2+ 46. Kc4 Rg2 47. Rc6+ Ke7 48. Kd5 Rxg3 49. Ke5 Kd7 50. Ra6 Rxc3 51. Rxa7+ Kc6 52. Kxf5 Rg3 53. Ra8 Rg4 54. Ke6 Rxf4 55. Rh8 Re4+ 56. Kf5 Rxh4 57. Kg5 Ra4 58. a6 Ra5+ 59. Kh4 Kb6 60. Rxh5 Rxh5+ 61. Kxh5 Kxa6 1/2-1/2

[Event "*** MasterClass Titled Tuesday Blitz"]
[Site "Chess.com"]
[Date "2017.07.04"]
[Round "2"]
[White "vovkcoach"]
[Black "maciek_92"]
[Result "0-1"]
[WhiteElo "2525"]
[BlackElo "2559"]
[TimeControl "180+2"]
[EndTime "13:24:12 PDT"]
[Termination "maciek_92 won on time"]

1. e4 c5 2. Nf3 Nc6 3. d4 cxd4 4. Nxd4 Nf6 5. Nc3 e5 6. Ndb5 d6 7. Bg5 a6 8. Na3 b5 9. Nd5 Be7 10. Bxf6 Bxf6 11. c4 b4 12. Nc2 Rb8 13. b3 O-O 14.
g3 Be6 15. Bg2 Bg5 16. h4 Bh6 17. O-O a5 18. Qd3 g6 19. Rad1 Kh8 20. Nde3 Qb6 21. Kh2 Rbd8 22. f4 exf4 23. gxf4 Qc5 24. Nd5 f5 25. Qg3 Qa7 26. e5 dxe5 27. fxe5 f4 28. Qe1 Qb8 29. Nd4 Bxd5 30. Bxd5 Nxe5 31. Ne6 Ng4+ 32. Kh1 f3 33. Rd2 Rde8 34. Qa1+ Rf6 35. Rc2 Qe5 36. Qxe5 Nxe5 37. Nc7 Re7 38. Nb5 Be3 39. Rh2 Kg7 40. Rh3 h5 41. Bxf3 Ref7 42. Kg2 Nd3 43. Rg3 Bf4 44. Rh3 Bb8 45. Nd4 Nf4+ 46.
Kh2 Ne2+ 0-1

[Event "*** MasterClass Titled Tuesday Blitz"]
[Site "Chess.com"]
[Date "2017.07.04"]
[Round "2"]
[White "dolynachess"]
[Black "Divertissement"]
[Result "0-1"]
[WhiteElo "2333"]
[BlackElo "2415"]
[TimeControl "180+2"]
[EndTime "13:24:14 PDT"]
[Termination "Divertissement won by resignation"]

1. c4 e6 2. g3 d5 3. Nf3 dxc4 4. Qa4+ c6 5. Qxc4 b5 6. Qc2 Bb7 7. Bg2 Nd7 8. O-O Ngf6 9. d3 Be7 10. b3 O-O 11. Bb2 a6 12. Ne5 Nxe5 13. Bxe5 Qb6 14. Nd2 Rac8 15. Qb2 c5 16. Rac1 Bxg2 17. Kxg2 Rfd8 18.
Rc2 h5 19. h4 Qb7+ 20. Kg1 Ne8 21. Rfc1 f6 22. Bf4 Qd5 23. Ne4 f5 24. Nd2 Bf6 25. Qa3 e5 26. Be3 f4 27. Rxc5 Rxc5 28. Bxc5 fxg3 29. fxg3 g5 30. Ne4 gxh4 31. Be7 Bxe7 32.
Qxe7 hxg3 33. Qxe8+ Rxe8 34. Nf6+ Kf7 35. Nxd5 Kg6 36.
Kg2 h4 37. Rc6+ Kg5 38. Nc3 Rf8 39. Ne4+ Kf4 40. Rf6+ Rxf6 41. Nxf6 Ke3 42. Nd7 e4 43.
dxe4 Kxe4 44. Nc5+ Kf4 45. e4 Ke5 46. Kh3 Kd4 47. Nxa6 Kxe4 48. a4 Kf3 49. axb5 g2 50. Kh2 Kf2 51. Nc5 g1=Q+ 0-1

[Event "*** MasterClass Titled Tuesday Blitz"]
[Site "Chess.com"]
[Date "2017.07.04"]
[Round "2"]
[White "kleinebeer98"]
[Black "LonesomeGeorge1"]
[Result "0-1"]
[WhiteElo "2434"]
[BlackElo "2266"]
[TimeControl "180+2"]
[EndTime "13:24:14 PDT"]
[Termination "LonesomeGeorge1 won by checkmate"]

1. e4 c5 2. Nf3 Nc6 3. d4 cxd4 4. Nxd4 Nf6 5. Nc3 e5 6. Ndb5 h6 7. Nd5 Nxd5 8. exd5 a6 9. Nc3 Nd4 10. Be3 Nf5 11. Bd2 Bc5 12. Bd3 d6 13. O-O O-O 14. Kh1 Qh4 15. Ne4 Ba7 16. a4 Qe7 17. c3 Nh4 18. f4 f5 19. Ng3 e4 20. Bc4 Bd7 21. Qe2 Rf7 22. Be3 Bxe3 23. Qxe3 g5 24. Ne2 Ng6 25. g3 Rc8 26. Bb3 Rg7 27. Nd4 gxf4 28.
gxf4 Qh4 29. Rf2 Kh7 30. Rg1 Rcg8 31. Bc2 Qh5 32. Bd1 Qh4 33. b4 Qf6 34. Bh5 Nh4 35. Rxg7+ Rxg7 36. Qh3 Bxa4 37. Ne6 Rg8 38. Nd4 Bd7 39. Qe3 Qg7 40. Re2 b6 41. Rd2 Bc8 42.
Rc2 Bb7 43. c4 b5 44. c5 Bxd5 45. cxd6 Kh8 46. Bd1 Nf3 47. Nxf3 exf3 48. Qf2 Qg1+ 49. Qxg1 f2+ 50. Qg2 f1=Q# 0-1

[Event "*** MasterClass Titled Tuesday Blitz"]
[Site "Chess.com"]
[Date "2017.07.04"]
[Round "2"]
[White "djogrodek1"]
[Black "JammyDodger91"]
[Result "1-0"]
[WhiteElo "2333"]
[BlackElo "2276"]
[TimeControl "180+2"]
[EndTime "13:24:26 PDT"]
[Termination "djogrodek1 won by resignation"]

1. e4 c5 2. Nf3 e6 3. d4 cxd4 4.
Nxd4 a6 5. Nc3 Qc7 6. g3 Nf6 7. Bg2 d6 8. O-O Be7 9. a4 Nc6 10. h3 Bd7 11. Re1 O-O 12. Nb3 Rac8 13. f4 Nb4 14.
Be3 Bc6 15. Nd4 Rfd8 16. g4 g6 17. f5 e5 18. Nxc6 bxc6 19. a5 Qb8 20. Rf1 d5 21.
Bb6 Rd7 22. g5 dxe4 23. Qe2 Nfd5 24. fxg6 hxg6 25. Nxe4 Nf4 26. Qc4 Nbd5 27. Qxa6 Kg7 28. b3 Rh8 29. Qc4 Nxh3+ 30. Bxh3 Rxh3 31. Qxc6 Qh8 32. Qxd7 Rh1+ 33. Kf2 Qh4+ 34. Ng3 Rh2+ 35. Ke1 Qxg3+ 36.
Kd1 Nc3+ 37. Kc1 Bxg5+ 38. Kb2 Bf6 39. Bd8 Ne4 40. Bxf6+ Nxf6 41. Rxf6 Kxf6 42. Rf1+ Rf2 43. Qd6+ Kg7 44. Rxf2 Qxf2 45. Qxe5+ Kh7 46. a6 f6 47. Qc7+ Kh6 48. a7 Qd4+ 49. Ka2 Qe4 50. Kb1 Qe1+ 51. Kb2 Qe4 52. Qb8 Qd4+ 53. Ka2 1-0

[Event "*** MasterClass Titled Tuesday Blitz"]
[Site "Chess.com"]
[Date "2017.07.04"]
[Round "2"]
[White "GMAkobianSTL"]
[Black "yurisolo"]
[Result "0-1"]
[WhiteElo "2550"]
[BlackElo "2538"]
[TimeControl "180+2"]
[EndTime "13:24:29 PDT"]
[Termination "yurisolo won on time"]

1. d4 d5 2. c4 e6 3. Nc3 c6 4.
e3 Nf6 5. Nf3 Nbd7 6. Qc2 Bd6 7.
Be2 O-O 8. O-O dxc4 9. a4 e5 10. Bxc4 exd4 11. exd4 Nb6 12. Bd3 h6 13. Re1 Be6 14.
Ne5 Nbd5 15. Nxd5 Nxd5 16. Bd2 Nb4 17. Bxb4 Bxb4 18. Red1 Qe7 19. a5 a6 20. Bh7+ Kh8 21.
Be4 Rad8 22. g3 Rfe8 23. Rd3 Kg8 24. Ra4 Bd6 25. Re3 Qc7 26. Bh7+ Kh8 27. Bf5 Bd5 28.
f4 Kg8 29. Bh7+ Kh8 30. Be4 Bxe4 31. Rxe4 Kg8 32. Kg2 f6 33. Qc4+ Kh7 34. Qc2 fxe5 35.
dxe5 Bf8 36. Rad4 Kh8 37. b4 Rxd4 38. Rxd4 Rd8 39. Qd3 Rxd4 40. Qxd4 Qe7 41. h4 Qxb4 42. Qd7 Qe7 43. Qc8 Kh7 44. h5 c5 45. Qf5+ Kh8 46.
Qc8 Kg8 47. g4 Qf7 48. Kg3 Qd5 49. e6 Qd3+ 50. Kg2 Qe4+ 51. Kg3 Qe3+ 52. Kg2 Qxf4 53.
Qxb7 Qxg4+ 54. Kf2 Qxe6 55. Kf3 Qf7+ 0-1

[Event "*** MasterClass Titled Tuesday Blitz"]
[Site "Chess.com"]
[Date "2017.07.04"]
[Round "2"]
[White "angieflynn"]
[Black "rithwik2002"]
[Result "0-1"]
[WhiteElo "1745"]
[BlackElo "1793"]
[TimeControl "180+2"]
[EndTime "13:24:40 PDT"]
[Termination "rithwik2002 won by resignation"]

1. Nf3 Nf6 2. c4 e6 3. g3 d5 4.
b3 Be7 5. Bb2 a6 6. Bg2 O-O 7.
e3 b5 8. Qe2 bxc4 9. bxc4 Nc6 10. Nc3 Rb8 11. Rb1 Nb4 12. O-O a5 13. Ba1 dxc4 14.
Qxc4 Ba6 15. Qf4 Bxf1 16. Bxf1 Nbd5 17. Rxb8 Qxb8 18. Qa4 Qb4 19. Qc6 Nxc3 20. Bxc3 Qd6 21. Qc4 Rb8 22. Bxa5 Qd5 23. Qxc7 Rb1 24. Qc8+ Bf8 25.
Kg2 Rxf1 26. Kxf1 Qxa5 27. Qc4 h6 28. d4 Qb6 29. Nd2 Qb7 30. Ke2 Nd5 31. Ne4 Qb4 32. Qc2 Qb5+ 33. Kf3 Nb4 34. Qb3 Qf5+ 35. Ke2 Qxe4 36.
a3 Qc2+ 37. Qxc2 Nxc2 38. a4 Nb4 39. Kd2 Nc6 40. Kc3 f6 41. Kc4 Nb8 42. e4 Kf7 43. Kb5 f5 44. exf5 exf5 45. a5 Ke6 46. a6 Nxa6 47.
Kxa6 Kd5 48. Kb7 Kxd4 49. Kc7 Ke4 50. Kd7 Bc5 51. Ke6 Bxf2 52. Kf7 Bg1 53. h3 Bh2 54.
Kxg7 Bxg3 55. Kxh6 f4 0-1

[Event "*** MasterClass Titled Tuesday Blitz"]
[Site "Chess.com"]
[Date "2017.07.04"]
[Round "2"]
[White "x-3738459472"]
[Black "MITerryble"]
[Result "1/2-1/2"]
[WhiteElo "2454"]
[BlackElo "2632"]
[TimeControl "180+2"]
[EndTime "13:24:42 PDT"]
[Termination "Game drawn by repetition"]

1. e4 e6 2. d4 d5 3. Nd2 Be7 4.
c3 c5 5. dxc5 Bxc5 6. exd5 exd5 7.
Ngf3 Nf6 8. Bb5+ Nc6 9. O-O O-O 10.
Nb3 Bb6 11. Bg5 a6 12. Bd3 h6 13. Bh4 g5 14. Bg3 Ne4 15. Nfd4 f5 16. Nxc6 bxc6 17. Be5 Qe7 18. Bd4 c5 19. Bxe4 dxe4 20. Bxc5 Bxc5 21. Qd5+ Be6 22. Qxc5 Qf7 23. Nd4 Bd7 24. Rad1 Kh7 25. Rfe1 Rfe8 26. Qd6 Ra7 27. Nb3 Be6 28. Nc5 Bxa2 29. b3 Bxb3 30. Nxb3 Qxb3 31. Rd5 Qxc3 32. Red1 Qc8 33. Qb6 Rf7 34. Rd6 Qc3 35. Rxh6+ Kg8 36. Qg6+ Qg7 37. Qh5 Kf8 38. h3 e3 39. fxe3 Rxe3 40.
Rg6 Qe5 41. Qh6+ Ke7 42. Qxg5+ Rf6 43. Rxf6 Re1+ 44. Rxe1 Qxe1+ 45. Kh2 Qe5+ 46. Kg1 Qxf6 47. Qe3+ Kf7 48. Qa7+ Kg6 49. Qa8 Qb6+ 50. Kh1 Qe6 51.
Kh2 Qe5+ 52. Kh1 a5 53. Qg8+ Kh6 54. Qf8+ Kg5 55. Qg8+ Kf4 56. Qc4+ Ke3 57. Qc1+ Kd3 58. Qd1+ Kc4 59. Qa4+ Kd3 60. Qd1+ Ke3 61. Qe1+ Kd4 62. Qa1+ Ke4 63. Qe1+ Kd4 64. Qa1+ Ke4 65. Qe1+ Kd4 1/2-1/2

[Event "*** MasterClass Titled Tuesday Blitz"]
[Site "Chess.com"]
[Date "2017.07.04"]
[Round "2"]
[White "Rodalquilar"]
[Black "Witik"]
[Result "1-0"]
[WhiteElo "2547"]
[BlackElo "2537"]
[TimeControl "180+2"]
[EndTime "13:24:57 PDT"]
[Termination "Rodalquilar won by resignation"]

1. d4 Nf6 2. Bf4 d6 3. Nf3 g6 4. h3 Bg7 5. e3 O-O 6. Be2 Nfd7 7.
e4 e5 8. Bg5 f6 9. Be3 Nc6 10.
O-O Kh8 11. Nc3 f5 12. Bg5 Bf6 13. Bxf6+ Nxf6 14. dxe5 dxe5 15. Qxd8 Rxd8 16. Bb5 Nd4 17. Nxe5 Kg7 18. Rad1 c6 19. Ne2 Nxe2+ 20. Bxe2 Re8 21. f4 Nxe4 22. Bf3 Nf6 23. Rd6 Be6 24. Re1 Bg8 25. g4 Re7 26. c4 Bxc4 27. Kf2 Bxa2 28. gxf5 Bf7 29. Rg1 Be8 30. h4 a5 31. h5 Ng8 32.
h6+ Nxh6 33. f6+ Kf8 34. fxe7+ Kxe7 35. Rgd1 Nf5 36. R6d2 a4 37. Re1 Kf6 38. Nc4 h5 39.
Nd6 Bf7 40. Nxf7 Kxf7 41. Rd7+ Kf6 42. Rxb7 Nd4 43. Re4 Rd8 44. Rb4 c5 45. Rxa4 Rd6 46.
Ra5 Rb6 47. Rxc5 Rxb2+ 48. Be2 Nf5 49. Rc6+ Kg7 50. Ree6 Nd4 51. Rxg6+ Kh7 52. Rge6 Rxe2+ 53. Rxe2 Nxc6 54. Kg3 Kg7 55. Re6 Nd4 56. Rb6 Kf7 57. Kh4 Ne2 58. Kg5 Nd4 59. Kxh5 Ne6 60. Rxe6 Kxe6 61.
Kg6 Ke7 62. f5 1-0

[Event "*** MasterClass Titled Tuesday Blitz"]
[Site "Chess.com"]
[Date "2017.07.04"]
[Round "2"]
[White "AndrewDGreen"]
[Black "Abrito99"]
[Result "1/2-1/2"]
[WhiteElo "2211"]
[BlackElo "2307"]
[TimeControl "180+2"]
[EndTime "13:25:04 PDT"]
[Termination "Game drawn by repetition"]

1. d4 Nf6 2. Nf3 b6 3. Bf4 Bb7 4. e3 g6 5. Be2 Bg7 6. h3 O-O 7. O-O d6 8. c3 Nbd7 9. Nbd2 Ne4 10. Bh2 e5 11. a4 a5 12. Re1 Qe7 13. Qc2 f5 14. dxe5 dxe5 15. Qb3+ Kh8 16. Nxe4 fxe4 17. Nd2 Nc5 18. Qc2 Qg5 19. Bg3 Rad8 20. Rad1 Qf5 21.
Bg4 Qf7 22. Be2 Bd5 23. Rf1 Qe8 24. b3 Qe6 25. Bc4 Bxc4 26. Nxc4 Rd3 27. Nb2 Rdd8 28. b4 axb4 29. cxb4 Qb3 30. Rc1 Qxb4 31. Nc4 Nd3 32. Rb1 Qc5 33. Qa2 Ra8 34. Qb3 Rfb8 35. Rfd1 Rd8 36.
Rd2 Rd5 37. Rbd1 Rad8 38. Bh4 R8d7 39. Bg3 Nb4 40. Rxd5 Rxd5 41. Rxd5 Nxd5 42. Nxe5 Bxe5 43. Bxe5+ Kg8 44. Bd4 Qc1+ 45. Kh2 Qc6 46. a5 Qd6+ 47. g3 bxa5 48. Qb8+ Qf8 49. Qb7 Qxf2+ 50. Kh1 Qf3+ 51.
Kh2 Qf7 52. Qc8+ Qf8 53. Qe6+ Qf7 54. Qc8+ Qf8 55. Qe6+ Qf7 56. Qc8+ 1/2-1/2

[Event "*** MasterClass Titled Tuesday Blitz"]
[Site "Chess.com"]
[Date "2017.07.04"]
[Round "2"]
[White "KNVB"]
[Black "wonderfultime"]
[Result "1-0"]
[WhiteElo "2466"]
[BlackElo "2655"]
[TimeControl "180+2"]
[EndTime "13:25:13 PDT"]
[Termination "KNVB won by resignation"]

1. e4 c5 2. Ne2 d6 3. g3 Nc6 4. Bg2 g6 5. d4 cxd4 6. Nxd4 Bg7 7. Ne2 Nf6 8. Nbc3 O-O 9. O-O Bd7 10. h3 Re8 11.
Rb1 Rc8 12. b3 a6 13. Be3 Qa5 14. Qd2 Nb4 15. Rfc1 Be6 16. Nd5 Bxd5 17. exd5 Qa3 18. c3 Nxa2 19. Rc2 Nb4 20. cxb4 Rxc2 21. Qxc2 Qxb4 22. Qc4 Qa5 23. b4 Qa4 24. Qb3 Qd7 25.
b5 a5 26. b6 a4 27. Qa3 Ra8 28. Nc3 Qc8 29. Rb4 Nd7 30. Rxa4 Rxa4 31. Nxa4 Qc2 32. Bf3 h5 33. Qb4 Ne5 34. Bg2 Nd3 35.
Qe4 Qd1+ 36. Kh2 Ne5 37. Nc3 Qe1 38. Nb5 h4 39. Nc7 hxg3+ 40. fxg3 f5 41. Qf4 Qe2 42. Qf2 Qc4 43. Ne6 Nd3 44. Qe2 Be5 45. Nf4 Nb2 46.
Qxc4 Nxc4 47. Bf2 Kg7 48. h4 Kf6 49. Bf3 Bc3 50. Kg2 Ba5 51. Be2 Nxb6 52. Bd4+ Kf7 53. h5 gxh5 54. Bxh5+ Kg8 55. Bg6 Nc4 56. Bxf5 b5 57. Bd3 Bd2 58. Kf3 Bc1 59. Bxc4 bxc4 60. Bc3 Kf7 61. Ke4 Ba3 62. g4 Bc1 63. g5 Kg8 64. g6 Kf8 65. Ng2 Bg5 66. Ne3 Kg8 67. Nxc4 Kf8 68. Kf5 1-0

[Event "*** MasterClass Titled Tuesday Blitz"]
[Site "Chess.com"]
[Date "2017.07.04"]
[Round "2"]
[White "Adham_Fawzy"]
[Black "AdrianaNikolova"]
[Result "1-0"]
[WhiteElo "2412"]
[BlackElo "2315"]
[TimeControl "180+2"]
[EndTime "13:25:25 PDT"]
[Termination "Adham_Fawzy won by resignation"]

1. e4 c5 2. Nf3 Nc6 3. d4 cxd4 4.
Nxd4 Nf6 5. Nc3 d6 6. Bg5 e6 7.
Qd2 a6 8. O-O-O h6 9. Bh4 Nxe4 10. Qf4 Nf6 11. Nxc6 bxc6 12. Ne4 Nd5 13. Bxd8 Nxf4 14.
Nxd6+ Bxd6 15. Rxd6 Bb7 16. Bb6 Nd5 17. Bc5 Rd8 18.
Rxd8+ Kxd8 19. Be2 Kc7 20. Rd1 Rc8 21. c4 Nf6 22. Bf3 Re8 23. Bd6+ Kb6 24. Rd3 Ka7 25. Bc5+ Kb8 26. Bd6+ Kc8 27. Be5 Rd8 28. Rb3 Rd7 29. Bxc6 Re7 30. Bd6 Bxc6 31. Bxe7 Ne4 32. f3 Nf6 33. Bxf6 gxf6 34. Rd3 Kc7 35. Kd2 f5 36.
Kc3 e5 37. c5 e4 38. fxe4 fxe4 39. Rd6 f5 40. Kd4 h5 41. g3 Bd7 42. Rh6 Be8 43. Rf6 Bd7 44. b4 Kd8 45. a4 Ke7 46. Rxa6 h4 47.
Ke3 hxg3 48. hxg3 Bc8 49. Ra7+ Ke6 50. Kd4 Kf6 51. Rc7 Be6 52. a5 Kg5 53. a6 Kg4 54. Rg7+ Kf3 55. a7 Bd5 56. Kxd5 e3 57. a8=Q e2 58.
Re7 Kf2 59. Rxe2+ Kxe2 60. Ke5 1-0

[Event "*** MasterClass Titled Tuesday Blitz"]
[Site "Chess.com"]
[Date "2017.07.04"]
[Round "2"]
[White "Schemato"]
[Black "stuffings101"]
[Result "1-0"]
[WhiteElo "2308"]
[BlackElo "2189"]
[TimeControl "180+2"]
[EndTime "13:25:26 PDT"]
[Termination "Schemato won by resignation"]

1. c4 Nf6 2. Nc3 g6 3. g3 d6 4. Bg2 Bg7 5. e4 O-O 6. Nge2 c6 7. O-O a6 8. d3 b5 9. h3 Nfd7 10. Be3 Nb6 11. cxb5 axb5 12. a3 Bb7 13. Qd2 N8d7 14. Rac1 Nc5 15. Rcd1 Nba4 16. Nxa4 Nxa4 17. Bd4 e5 18.
Be3 c5 19. Nc3 Nxc3 20. Qxc3 Bc8 21. Qd2 Be6 22. f4 Bb3 23. Rc1 Qa5 24. Qxa5 Rxa5 25. fxe5 Bxe5 26. Bf4 Re8 27. Bxe5 Rxe5 28. Rc3 Be6 29. Rd1 Ra4 30. d4 cxd4 31. Rcd3 Rc5 32. Rxd4 Rxd4 33. Rxd4 Rc2 34. Rb4 Bc4 35. b3 Bd3 36.
Rd4 Rc1+ 37. Kf2 Rc2+ 38. Kg1 Rc1+ 39. Kh2 Rc3 40. Rb4 Rc2 41. Kg1 Rc1+ 42. Kf2 Rc2+ 43. Kf3 Be2+ 44. Ke3 Bd1 45. Bf1 Rc3+ 46. Kd2 Rf3 47.
Kxd1 Rxf1+ 48. Ke2 Ra1 49. Rxb5 Ra2+ 50. Kd3 Rxa3 51. Kd4 Kf8 52. Kd5 Ra6 53. g4 h6 54.
h4 Ke7 55. Rb7+ Kf6 56. b4 g5 57. h5 Kg7 58. b5 Ra1 59. b6 Rg1 60. Rc7 Rd1+ 61.
Kc6 Kf6 62. b7 Rc1+ 63. Kxd6 Rd1+ 64. Kc6 Rc1+ 65. Kd7 Rb1 66. Kc8 Ke5 67. b8=Q Rxb8+ 68. Kxb8 Kxe4 69. Rxf7 1-0

[Event "*** MasterClass Titled Tuesday Blitz"]
[Site "Chess.com"]
[Date "2017.07.04"]
[Round "2"]
[White "Me_ch_an"]
[Black "Fandorine"]
[Result "0-1"]
[WhiteElo "2268"]
[BlackElo "2657"]
[TimeControl "180+2"]
[EndTime "13:25:34 PDT"]
[Termination "Fandorine won by checkmate"]

1. e4 c6 2. d4 d5 3. Nd2 h6 4. Ngf3 dxe4 5. Nxe4 Bf5 6. Ng3 Bh7 7. Bd3 Bxd3 8.
Qxd3 e6 9. Bd2 Nf6 10. O-O-O Nbd7 11. Ne4 Nxe4 12. Qxe4 Nf6 13. Qe2 Qd5 14. Kb1 Qe4 15. Rhe1 Qxe2 16. Rxe2 Bd6 17. c4 O-O 18. Bc3 Rfd8 19.
h3 Bc7 20. Ne5 Bxe5 21. Rxe5 Rab8 22. a4 b6 23. Kc2 a6 24. b3 b5 25. axb5 axb5 26.
Ra1 Nd7 27. Ree1 Nb6 28. c5 Nd5 29. Ra6 Rbc8 30. Bd2 Kf8 31. Rea1 Ke8 32. b4 Kd7 33. Ra7+ Rc7 34. Rxc7+ Nxc7 35. Ra7 Kc8 36. Bf4 Nd5 37. Ra8+ Kd7 38. Rxd8+ Kxd8 39. Bd2 Ke7 40. Kd3 f5 41. g3 Kf6 42. f4 g5 43. Ke2 Kg6 44. Kf3 Nf6 45. Be1 Kh5 46. Ke3 Nd5+ 47. Kf3 Kg6 48.
Bd2 Nf6 49. Be1 g4+ 50. hxg4 fxg4+ 51. Ke3 Kf5 52. Bd2 Nd5+ 53. Kd3 h5 54. Be1 Nf6 55. Ke3 Ne4 56. Kd3 Nf6 57. Ke3 Nd5+ 58. Kd3 h4 59. gxh4 Nxf4+ 60. Kd2 Ke4 61. Bf2 Nh5 62. Ke2 g3 63.
Bg1 Nf4+ 64. Kf1 Kf3 65. Ke1 Ne2 66. Kf1 g2+ 67. Ke1 Nxg1 68. h5 Ne2 69. h6 g1=Q+ 70. Kd2 Qc1+ 71. Kd3 Qc3# 0-1

[Event "*** MasterClass Titled Tuesday Blitz"]
[Site "Chess.com"]
[Date "2017.07.04"]
[Round "2"]
[White "Zhani-Z"]
[Black "Alex_Molchanov"]
[Result "1/2-1/2"]
[WhiteElo "2354"]
[BlackElo "2407"]
[TimeControl "180+2"]
[EndTime "13:26:14 PDT"]
[Termination "Game drawn - insufficient material"]

1. d4 Nf6 2. Bg5 e6 3. Nd2 c5 4. e3 Nc6 5. c3 b6 6. Ngf3 Be7 7.
Bd3 Bb7 8. O-O O-O 9. Rc1 h6 10. Bh4 Rc8 11. Qe2 Nd5 12. Bxe7 Qxe7 13. Ba6 d6 14.
Bxb7 Qxb7 15. Ne4 Rfd8 16. dxc5 dxc5 17. Rfd1 Qc7 18. c4 Nde7 19. Rxd8+ Rxd8 20. Rd1 f5 21. Nc3 Rxd1+ 22. Qxd1 Qd8 23. Qxd8+ Nxd8 24. Kf1 Nec6 25. Ke2 g5 26. Nd2 Kf7 27. f4 Nb7 28. Nf3 gxf4 29. exf4 Kf6 30. Nb5 a6 31. Nc7 Nd6 32. b3 b5 33.
Nxa6 bxc4 34. bxc4 Nxc4 35. Nxc5 Ke7 36. Kd3 Nb6 37. a3 Kd6 38. Nb3 Kd5 39. Nbd4 Na5 40.
Ne5 Nb7 41. h4 Nc5+ 42. Ke3 h5 43. g3 Ne4 44. Ndc6 Nxg3 45. Ne7+ Kd6 46. N7g6 Nd5+ 47.
Kf3 Ne4 48. a4 Nb4 49. Nf7+ Kd5 50. Ne7+ Kc5 51. Ng8 Nc6 52. Ng5 Nd4+ 53. Ke3 Nc3 54. Nf6 Nxa4 55. Nxh5 Nc3 56. Nf6 Nd1+ 57. Kd3 Nf2+ 58.
Ke3 Ng4+ 59. Nxg4 fxg4 60. h5 Nf5+ 61. Ke4 Kd6 62. Nf7+ Ke7 63. Ne5 Ng3+ 64. Ke3 Nxh5 65. Nxg4 Ng7 66. Ne5 Kf6 67. Ke4 Ne8 68. Ng4+ Ke7 69.
f5 Nd6+ 70. Ke5 Nxf5 71. Nf2 Nd6 72. Nd3 Nf7+ 73. Ke4 Kf6 74. Nf4 Ng5+ 75. Ke3 e5 76. Nd3 e4 77. Nc5 Ke5 78. Nxe4 Nxe4 1/2-1/2

[Event "*** MasterClass Titled Tuesday Blitz"]
[Site "Chess.com"]
[Date "2017.07.04"]
[Round "2"]
[White "Msb2"]
[Black "dalmatinac101"]
[Result "1/2-1/2"]
[WhiteElo "2528"]
[BlackElo "2573"]
[TimeControl "180+2"]
[EndTime "13:27:08 PDT"]
[Termination "Game drawn by repetition"]

1. d4 Nf6 2. c4 g6 3. Nc3 Bg7 4. e4 d6 5. h3 O-O 6. Be3 c5 7. Nf3 cxd4 8. Nxd4 a6 9. Be2 b6 10. O-O Bb7 11. Qc2 Nbd7 12. f4 Rc8 13. Rad1 Qc7 14. Qb1 e6 15. Bf3 Qxc4 16. e5 Nd5 17. Nxd5 Bxd5 18.
Rc1 Qb4 19. Bxd5 exd5 20. Nc6 Rxc6 21. Rxc6 dxe5 22. fxe5 d4 23. Bf4 Nxe5 24. Bxe5 Bxe5 25. Qe4 Bg7 26. b3 Qb5 27. Rd6 Qc5 28. Rd7 Qe5 29. Qxe5 Bxe5 30. Rc1 Re8 31. Kf1 Re6 32. Re1 Kg7 33. Re2 h5 34. Ke1 g5 35. Kd1 Kg6 36.
Kc2 Rc6+ 37. Kd1 f6 38. Rc2 Re6 39. Re2 h4 40. Rxd4 Rc6 41. Rc4 Rd6+ 42. Rd2 Re6 43. Rc8 Bf4 44. Rd7 a5 45. Rg8+ Kf5 46. Rd5+ Be5 47. Rgd8 Kf4 48. Ke2 Bd4+ 49. Kf1 Bc5 50.
Rd3 Kf5 51. R8d5+ Ke4 52. Rd7 Kf5 53. Rf3+ Kg6 54. Rd2 Re4 55. Re2 Rd4 56. Re6 Rd1+ 57. Ke2 Ra1 58. Rexf6+ Kg7 59. Rf7+ Kg8 60. Rb7 Rxa2+ 61.
Kd3 Rxg2 62. Kc4 g4 63. hxg4 Rxg4+ 64. Kb5 Rg3 65. Rf4 h3 66. Rh4 Rxb3+ 67. Kc6 Rg3 68. Rbh7 a4 69. Rxh3 Rxh3 70. Rxh3 a3 71. Rh2 Kf7 72.
Kb5 Ke6 73. Rd2 Ke5 74. Kc4 Ke6 75. Kb5 Ke5 76. Kc4 Ke6 77. Kb5 Ke5 78. Kc4 Ke6 79. Kb5 Ke5 80. Kc4 Ke6 1/2-1/2

[Event "*** MasterClass Titled Tuesday Blitz"]
[Site "Chess.com"]
[Date "2017.07.04"]
[Round "2"]
[White "AllStarShark"]
[Black "Alliswell998"]
[Result "1/2-1/2"]
[WhiteElo "2298"]
[BlackElo "2299"]
[TimeControl "180+2"]
[EndTime "13:29:20 PDT"]
[Termination "Game drawn by 50-move rule"]

1. d4 Nf6 2. Bg5 Ne4 3. Bf4 c5 4. f3 Qa5+ 5. c3 Nf6 6. d5 d6 7. e4 g6 8. Bd3 Bg7 9. Ne2 a6 10. O-O b5 11. c4 O-O 12. Bd2 Qb6 13. Qc2 Nbd7 14. Nbc3 Ne5 15. b3 Bd7 16. Rab1 Qa7 17. h3 Rab8 18. Nd1 Rb7 19. Ne3 Rfb8 20. f4 Nxd3 21. Qxd3 bxc4 22. Nxc4 Bb5 23. Bc3 h5 24. e5 Ne8 25. e6 Bxc3 26. Nxc3 f5 27. g4 Ng7 28. Ne2 hxg4 29. hxg4 Bxc4 30. Qxc4 fxg4 31. f5 Rb4 32. Qc1 gxf5 33. Qg5 c4+ 34. Kg2 Rf8 35.
Nf4 Qe3 36. Rbe1 Qd2+ 37. Re2 Qd4 38. Ng6 Qxd5+ 39. Kh2 Re8 40. Qxe7 Rxe7 41. Nxe7+ Kf8 42. Nxd5 Rb5 43. e7+ Kf7 44. Nc7 Rb8 45. e8=Q+ Nxe8 46. Nxe8 cxb3 47. Rxf5+ Kg6 48. Rf6+ Kg5 49. Rfe6 b2 50.
Re1 b1=Q 51. Rxb1 Rxb1 52. Nxd6 Kf4 53. Nc4 g3+ 54. Kg2 Rc1 55. Rf6+ Kg5 56. Rc6 Rc2+ 57. Kxg3 Rxa2 58. Kf3 Kf5 59. Ke3 Ra1 60. Kd4 Kf4 61.
Rf6+ Kg5 62. Rf8 a5 63. Ra8 a4 64. Kc3 Kf4 65. Kb2 Rh1 66. Rxa4 Ke4 67. Kc3 Kd5 68.
Ne3+ Kc5 69. Ra5+ Kc6 70. Rg5 Rc1+ 71. Kd4 Re1 72. Nc4 Rd1+ 73. Kc3 Rc1+ 74. Kb3 Rb1+ 75. Nb2 Rf1 76. Kb4 Rb1 77. Kc3 Rc1+ 78. Kd3 Rb1 79. Nc4 Rd1+ 80. Ke4 Re1+ 81. Ne3 Kd6 82. Rg6+ Kc5 83. Rg8 Ra1 84. Rc8+ Kd6 85. Nc4+ Kd7 86. Rc5 Ke6 87. Re5+ Kd7 88. Kd4 Rd1+ 89. Kc5 Rc1 90. Rh5 Ke6 91. Rh6+ Kf5 92. Kd5 Rd1+ 93. Kc6 Rc1 94.
Kb5 Rb1+ 95. Kc5 Rc1 96. Rh5+ Ke4 97. Rh4+ Kf5 98. Kd5 Rd1+ 99. Kc6 Rc1 100. Kd6 Rd1+ 101. Ke7 Re1+ 102. Kf7 Kg5 103. Rd4 Rf1+ 104. Kg7 Ra1 105. Rd5+ Kf4 106. Nd2 Ke3 107. Nb3 Ra6 108. Kf7 Rh6 109. Rg5 Rb6 110. Nc5 Rc6 111. Ke7 Rb6 112. Kd7 Rf6 113. Ne6 Rf1 114. Kd6 Ra1 115. Rg3+ Ke4 116. Rb3 Rd1+ 117. Ke7 Rf1 118. Rb4+ Kd5 119. Rd4+ Ke5 120. Rd2 Ra1 121. Re2+ Kd5 122. Nf4+ Kd4 123. Kf6 Ra6+ 124. Kf5 Ra5+ 125. Kg4 1/2-1/2

[Event "*** MasterClass Titled Tuesday Blitz"]
[Site "Chess.com"]
[Date "2017.07.04"]
[Round "3"]
[White "Cryptochess"]
[Black "aNaartjieZA"]
[Result "1-0"]
[WhiteElo "2492"]
[BlackElo "2316"]
[TimeControl "180+2"]
[EndTime "13:32:25 PDT"]
[Termination "Cryptochess won by resignation"]

1. e4 e6 2. d4 d5 3. Nc3 Bb4 4. e5 c5 5. a3 Bxc3+ 6. bxc3 Qc7 7. Qg4 Ne7 8. Qxg7 Rg8 9. Qxh7 cxd4 10. Ne2 Nbc6 11. f4 dxc3 12. Qd3 d4 13. Ng3 Bd7 14. Be2 O-O-O 15. Bf3 Kb8 16. O-O Nf5 17. Nxf5 exf5 18. Rb1 Be6 19. a4 Ka8 20. Ba3 Nxe5 21. fxe5 Bc4 22. Rxb7 1-0

[Event "*** MasterClass Titled Tuesday Blitz"]
[Site "Chess.com"]
[Date "2017.07.04"]
[Round "3"]
[White "ehrenfeld"]
[Black "jk13"]
[Result "1-0"]
[WhiteElo "2420"]
[BlackElo "2398"]
[TimeControl "180+2"]
[EndTime "13:32:49 PDT"]
[Termination "ehrenfeld won by resignation"]

1. e4 e5 2. Nc3 Nf6 3. f4 d5 4. fxe5 Nxe4 5. Qf3 Nxc3 6. bxc3 Be6 7. d4 c5 8. Bd3 Nc6 9. Ne2 Be7 10. O-O O-O 11. Be3 Qd7 12. Nf4 Rac8 13. Qh5 g6 14. Qh6 cxd4 15. Nh5 1-0